 Dungeon Crawl Stone Soup version 0.31.0-9-g3a7656b989 (webtiles) character file.

Game seed: 7761331464063169036

269 CaptainMV the Ducker (level 6, -3/43 HPs)
             Began as a Demonspawn Wanderer on Feb 2, 2024.
             Slain by a gnoll
             ... wielding a +0 spear
             ... led by a gnoll sergeant
              (5 damage)
             ... on level 4 of the Dungeon.
             The game lasted 00:15:56 (2346 turns).

CaptainMV the Ducker (Demonspawn Wanderer)          Turns: 2346, Time: 00:15:58

Health: -3/43      AC:  9    Str: 10    XL:     6   Next: 1%
Magic:  6/11       EV: 13    Int: 15    God:
Gold:   102        SH:  0    Dex: 14    Spells: 7/11 levels left

rFire   . . .        a - +2 dagger (elec)
rCold   . . .        (no shield)
rNeg    . . .        d - +0 robe
rPois   .            b - +0 helmet
rElec   .            (no cloak)
rCorr   .            (no gloves)
SInv    .            (no boots)
Will    .....        (no amulet)
Stlth   ++           (no ring)
HPRegen 0.27/turn    (no ring)
MPRegen 0.12/turn

%: no passive effects
@: lethally poisoned (-3 -> -9), sanguine armoured
A: claws 1, sanguine armour 1, demonic magic 1
a: no special abilities


You were on level 4 of the Dungeon.
You visited 1 branch of the dungeon, and saw 4 of its levels.

You collected 102 gold pieces.

Inventory:

Hand Weapons
 a - a +2 dagger of electrocution (weapon)
 f - a +0 dagger
Missiles
 o - 2 poisoned darts (quivered)
Armour
 b - a +0 helmet (worn)
 d - a +0 robe (worn)
Jewellery
 m - a ring of magical power
Wands
 n - a wand of paralysis (9)
Scrolls
 c - 3 scrolls of blinking
 e - a scroll of silence
Potions
 g - a potion of might {unknown}
 h - 2 potions of degeneration
 i - a potion of heal wounds {unknown}
 j - a potion of haste {unknown}
 k - a potion of curing {unknown}
 l - 2 potions of berserk rage {unknown}


   Skills:
 + Level 1.2 Fighting
 + Level 2.3 Short Blades
 + Level 1.0 Armour
 + Level 3.4 Dodging
 + Level 1.1 Stealth
 + Level 3.4 Spellcasting
 + Level 1.1 Conjurations
 + Level 0.8 Translocations
 + Level 2.7 Fire Magic
 + Level 1.0 Evocations


You had 7 spell levels left.
You knew the following spells:

 Your Spells              Type           Power      Damage    Failure   Level
a - Foxfire               Conj/Fire      32%        2x1d5     9%          1
b - Volatile Blastmotes   Fire/Tloc      14%        2d11      28%         3

Your spell library contained the following spells:

 Spells                   Type           Power      Damage    Failure   Level
 Summon Blazeheart Golem  Fire/Summ      6%         N/A       73%         4
 Summon Forest            Summ/Tloc      1%         N/A       99%         5
 Summon Mana Viper        Hex/Summ       2%         N/A       99%         5
 Summon Cactus Giant      Summ           1%         N/A       100%        6


Dungeon Overview and Level Annotations

Branches:
Dungeon (4/15)
 Temple: D:4-7

Altars:


Innate Abilities, Weirdness & Mutations

You have sharp fingernails.
When seriously injured, your blood forms armour. (AC +6)
Spells you cast may paralyse adjacent enemies.


Message History

The gnoll is heavily wounded.
The gnoll barely misses you. The gnoll closely misses you.
The foxfire hits the gnoll.
The gnoll is severely wounded.
The foxfire hits the gnoll but does no damage.
The gnoll is severely wounded.
The gnoll misses you. The gnoll attacks as it pursues you!
The gnoll hits you from afar with a +0 spear.
Your blood congeals into armour.
The gnoll attacks as it pursues you! The gnoll closely misses you.
The gnoll attacks as it pursues you!
The gnoll hits you from afar with a +0 spear.
The gnoll attacks as it pursues you! The gnoll hits you but does no damage.
The gnoll hits you but does no damage.
The gnoll hits you from afar with a +0 spear.
Found a scroll of identify.
The gnoll attacks as it pursues you! The gnoll barely misses you.
The gnoll barely misses you.
The gnoll sergeant attacks as it pursues you!
The gnoll sergeant hits you but does no damage.
The gnoll hits you with a +0 whip.
You hit the gnoll but do no damage.
The gnoll is severely wounded.
The gnoll closely misses you.
You hit the gnoll.
The gnoll is severely wounded.
The gnoll sergeant hits you from afar with a +1 trident of venom.
The gnoll barely misses you.
You hit the gnoll.
The gnoll is almost dead.
The gnoll sergeant closely misses you. The gnoll barely misses you.
The gnoll hits you but does no damage.
You hit the gnoll but do no damage.
The gnoll is almost dead.
The gnoll barely misses you.
The gnoll sergeant hits you from afar with a +1 trident of venom!
* * * LOW HITPOINT WARNING * * *
You are lethally poisoned!
The gnoll hits you from afar with a +0 spear.
You die...

#<..........## ##
#..........# ..###
##......g..#### ....##
##.....>g..... .
.....####............ ..
.......#......#######...
.........##..gg### ...#
.........####gg.##...?#
.........# ##g.@....#
.........# ##.g...##
........## ###....#
......### #....###
....### #.....## ### #
##### ##...†##..##.. .##
### ##<.......... ..##
##.## ##.......## ...##
#...# ##.....##


You could see a gnoll sergeant and 5 gnolls.

Vanquished Creatures
  A jelly (D:4)
  An orc priest (D:3)
  3 orc wizards (D:3)
  5 adders
  3 dart slugs
  13 orcs (D:3)
  3 endoplasms
  5 goblins
  6 hobgoblins
  13 jackals
  3 kobolds
  2 quokkas (D:3)
  4 ball pythons
  5 bats (D:1)
  3 frilled lizards
  5 rats
75 creatures vanquished.

Vanquished Creatures (others)
  93 foxfires
93 creatures vanquished.

Grand Total: 168 creatures vanquished

Notes
Turn   | Place    | Note
-------+----------+-------------------------------------------
     0 | D:1      | CaptainMV the Demonspawn Wanderer began the quest for the
                  | Orb.
     0 | D:1      | CaptainMV set off with the following items: a +0 dagger, a
                  | +0 helmet, a scroll of blinking, a +0 robe, a scroll of
                  | silence; and the following spell memorised: Foxfire; and
                  | the following spells available to memorise: Volatile
                  | Blastmotes, Summon Blazeheart Golem.
     0 | D:1      | Reached XP level 1. HP: 13/13 MP: 3/3
   212 | D:1      | Gained mutation: You have sharp fingernails. [demonic
                  | ancestry]
   212 | D:1      | Reached XP level 2. HP: 2/19 MP: 5/5
   592 | D:1      | Reached XP level 3. HP: 17/24 MP: 0/6
   909 | D:2      | Reached skill level 1 in Short Blades
  1018 | D:2      | Found a faded altar of an unknown god.
  1289 | D:2      | Learned a level 3 spell: Volatile Blastmotes
  1402 | D:3      | Gained mutation: When seriously injured, your blood forms
                  | armour. (AC +6) [demonic ancestry]
  1402 | D:3      | Reached XP level 4. HP: 30/30 MP: 3/8
  1543 | D:3      | Reached skill level 1 in Conjurations
  1543 | D:3      | Gained mutation: Spells you cast may paralyse adjacent
                  | enemies. [demonic ancestry]
  1543 | D:3      | Reached XP level 5. HP: 17/36 MP: 5/9
  2259 | D:4      | Reached skill level 1 in Fighting
  2259 | D:4      | Reached XP level 6. HP: 15/43 MP: 11/11
  2346 | D:4      | HP: 2/43 [gnoll sergeant/+1 trident of venom (12)]
  2346 | D:4      | Slain by a gnoll

Illustrated notes

Levels and vault maps discovered:
D:1:      psy_arrival_fountain, layout_basic
D:2:      layout_basic, ebering_ecumenical_altar_sacrificial,
          hangedman_decor_opposing, dk_noncrumbling_3
D:3:      layout_loops_corners
D:4:      layout_cave_pods, mainiacjoe_overflow_small_starburst

Skill      XL: |  1  2  3  4  5 |
---------------+----------------+-----
Dodging        | 3 |  3.4
Fire Magic     | 2 |  2.7
Short Blades   | 1 2 |  2.3
Spellcasting   | 3 |  3.4
Conjurations   | 1 |  1.1
Fighting       | 1 |  1.2
Armour         | |  1.0
Stealth        | |  1.1
Translocations | |  0.8
Evocations     | |  1.0

Action                     |  1- 3 |  4- 6 || total
---------------------------+-------+-------++-------
  Melee: Dagger            |    92 |   114 ||   206
  Throw: Dart              |       |     2 ||     2
   Cast: Foxfire           |    41 |    15 ||    56
         Volatile Blastmot |     2 |     3 ||     5
    Use: Scroll            |     5 |     1 ||     6
   Stab: Sleeping          |     1 |     3 ||     4
 Armour: Robe              |    57 |    88 ||   145
  Dodge: Dodged            |    73 |    69 ||   142
